 Dungeon Crawl Stone Soup version 0.17-a0-1504-gb7d9117 (webtiles) character file.

5588 Fizybubbleh the Covert (level 11, -8/68 HPs)
             Began as a Human Enchanter on July 6, 2015.
             Was a Follower of Ashenzari.
             Shot with an arrow by a centaur warrior (20 damage)
             ... on level 9 of the Dungeon on July 7, 2015.
             The game lasted 01:06:05 (12651 turns).

Fizybubbleh the Covert (Human Enchanter)           Turns: 12651, Time: 01:06:06

Health: -8/68      AC:  3    Str:  9    XL:     11   Next: 2%
Magic:  6/14       EV: 15    Int: 15    God:    Ashenzari [*.....]
Gold:   191        SH:  0    Dex: 21    Spells: 4 memorised, 5 levels left

rFire  . . .     SeeInvis .     a - +1 dagger (curse)
rCold  . . .     Clarity  .     n - +0 robe (curse)
rNeg   . . .     SustAt   .     (no shield)
rPois  .         Gourm    .     (no helmet)
rElec  .         Spirit   .     E - +0 cloak (curse)
rCorr  .         Warding  .     (no gloves)
rMut   .         Stasis   .     (no boots)
MR     .....                    (no amulet)
Stlth  +++++.....               r - +2 ring of evasion (curse)
                                o - +4 ring of dexterity (curse)

@: very slightly contaminated, hasted, very quick, not resistant to hostile
enchantments, quite stealthy
A: no striking features
a: Renounce Religion


You were on level 9 of the Dungeon.
You worshipped Ashenzari.
Ashenzari was aware of your devotion.
You were not hungry.

You visited 1 branch of the dungeon, and saw 9 of its levels.

You collected 401 gold pieces.
You spent 210 gold pieces at shops.

Inventory:

Hand weapons
 a - a cursed +1 dagger (weapon)
 i - a +1 dagger of electrocution
 w - a +3 dagger of holy wrath
 A - a +0 blowgun
Missiles
 B - 16 poisoned needles
 I - 15 curare-tipped needles
Armour
 b - a +1 robe
 n - a cursed +0 robe (worn)
 E - a cursed +0 cloak (worn)
Rods
 G - a +0 lightning rod (14/14)
   (You found it on level 6 of the Dungeon)
Jewellery
 o - a cursed +4 ring of dexterity (left hand)
 r - a cursed +2 ring of evasion (right hand)
 D - a +4 ring of strength
 H - an uncursed amulet of stasis
 L - an uncursed ring of flight
 P - an uncursed ring of protection from fire
 U - an uncursed ring of ice
Magical devices
 g - a wand of paralysis (13)
 J - a wand of hasting (2)
 O - a wand of enslavement (10)
Scrolls
 f - 3 scrolls of enchant weapon
 k - 11 scrolls of curse armour
 l - 2 scrolls of amnesia {unknown}
 m - a scroll of noise {unknown}
 p - a scroll of fog {unknown}
 t - 5 scrolls of teleportation
 v - 2 scrolls of magic mapping {unknown}
 y - a scroll of recharging {unknown}
 K - 4 scrolls of curse weapon
 M - a scroll of enchant armour {unknown}
 Q - a scroll of curse jewellery
 S - a scroll of torment {unknown}
 T - a scroll of brand weapon {unknown}
 V - a scroll of fear {unknown}
Potions
 e - 7 potions of curing
 j - 2 potions of degeneration
 q - 3 potions of brilliance
 s - a potion of poison
 u - 2 potions of invisibility
 C - a potion of berserk rage
 F - 2 potions of agility
 W - a potion of lignification
Books
 c - a book of Maledictions

   Spells                             Type                      Level
   a - Corona                         Hexes                        1
   b - Ensorcelled Hibernation        Hexes/Ice                    2
   c - Confuse                        Hexes                        3
   d - Tukima's Dance                 Hexes                        3
   e - Dazzling Spray                 Conjuration/Hexes            3
Comestibles
 d - 2 bread rations
 h - 5 fruits
 x - a royal jelly
 z - 2 chunks of flesh
 N - 3 meat rations


   Skills:
 - Level 10.0 Short Blades
 - Level 2.0 Dodging
 - Level 10.0 Stealth
 - Level 2.0 Spellcasting
 + Level 9.1 Hexes


You had 5 spell levels left.
You knew the following spells:

 Your Spells              Type           Power        Failure   Level  Hunger
a - Ensorcelled Hibernat  Hex/Ice        ###...       6%          2    ###....
b - Confuse               Hex            ####....     1%          3    ###....
c - Tukima's Dance        Hex            ####....     1%          3    ###....
v - Corona                Hex            ####...      1%          1    #......


Dungeon Overview and Level Annotations

Branches:
Dungeon (9/15)             Temple (0/1) D:7             Orc (0/4) D:9
   Lair: D:8-11

Altars:
Ashenzari
Cheibriados
Dithmenos
Gozag
Yredelemnul
The Shining One

Shops:
D:7 [?}

Annotations:
D:3 1 exclusion
D:5 exclusion: downstairs
D:6 exclusion: door
D:8 exclusion: downstairs
D:9 1 exclusion


Message History

MASSIVE DAMAGE!!
Aim: a centaur warrior, wielding a longbow (chance to defeat MR: 28%)
The centaur warrior easily resists.
The bat completely misses you.
You now have 12/14 mp.
Aim: a centaur warrior, wielding a longbow (chance to defeat MR: 39%)
The centaur warrior resists with some effort.
The bat hits you but does no damage. The bat barely misses you.
You now have 9/14 mp.
Aim: a centaur warrior, wielding a longbow (chance to defeat MR: 39%)
The centaur warrior resists with some effort.
The bat hits you but does no damage.
The centaur warrior shoots an arrow.
The arrow hits you!!
* * * LOW HITPOINT WARNING * * *
You take 24 damage, and have 4/68 hp.
MASSIVE DAMAGE!!
You now have 6/14 mp.
Drink which item? (? for menu, Esc to quit)
You feel better. The bat closely misses you.
The centaur warrior shoots an arrow.
The arrow hits you!!
You die...

#.. #. #.# #.#.#.#
#.# #$.###'###.#
#.#.#.###.#
#.........#
#)#.#......
#......####
#.#.......#
#......#
#.#.######.
##......## #.###
#.. .'....(..##
#.# ###
##........######.#
#####..b@.c...#.#
#.........#.#
#.........#.#
...:.......#.#
###.###..#### #.
..# #. ... .$.#


You could see a centaur warrior and a bat.

Vanquished Creatures
  2 wyverns (D:8)
  Grum (D:9)
  6 yaks
  3 wolves
  A hippogriff (D:8)
  Menkaure (D:4)
  The ghost of FooOfBar the Gusty, an average TeAE (D:4)
  An ice beast (D:7)
  2 orc warriors
  A sky beast (D:7)
  7 ogres
  A centaur (D:8)
  A crocodile (D:8)
  2 giant frogs
  A gnoll sergeant (D:6)
  5 scorpions
  A water moccasin skeleton (D:7)
  3 killer bees (D:9)
  10 wights
  7 crimson imps
  2 orc priests
  A centaur zombie (D:9)
  5 hounds
  Crazy Yiuf (D:4)
  2 jellies
  9 orc wizards
  Jessica (D:2)
  2 giant frog skeletons (D:5)
  7 worker ants
  2 iguanas
  A worker ant zombie (D:8)
  9 adders
  5 gnolls
  3 shadow imps
  2 adder skeletons
  7 worms
  3 giant geckos
  36 orcs
  19 bats
  A bat skeleton (D:4)
  A giant cockroach (D:6)
  12 hobgoblins
  18 kobolds
  2 quokkas
  7 giant newts
  10 goblins
  12 jackals
  A jackal skeleton (D:8)
  A quokka skeleton (D:4)
  A quokka zombie (D:6)
  7 rats
247 creatures vanquished.

Notes
Turn   | Place    | Note
--------------------------------------------------------------
     0 | D:1      | Fizybubbleh the Human Enchanter began the quest for the Orb.
     0 | D:1      | Reached XP level 1. HP: 13/13 MP: 3/3
   312 | D:1      | Reached XP level 2. HP: 13/19 MP: 0/5
   326 | D:1      | Learned a level 2 spell: Ensorcelled Hibernation
  1093 | D:1      | Reached skill level 4 in Stealth
  1349 | D:2      | Reached XP level 3. HP: 24/24 MP: 6/6
  1354 | D:2      | Learned a level 3 spell: Confuse
  1365 | D:2      | Found a shattered altar of Ashenzari.
  1368 | D:2      | Noticed Jessica
  1395 | D:2      | Killed Jessica
  1395 | D:2      | Reached skill level 5 in Stealth
  1395 | D:2      | Reached XP level 4. HP: 30/30 MP: 2/7
  1452 | D:2      | Became a worshipper of Ashenzari the Shackled
  2464 | D:3      | Found a shadowy altar of Dithmenos.
  2572 | D:3      | Reached XP level 5. HP: 35/35 MP: 5/8
  2840 | D:3      | Reached skill level 6 in Stealth
  3719 | D:4      | Reached XP level 6. HP: 41/41 MP: 5/9
  4010 | D:4      | Noticed Crazy Yiuf
  4019 | D:4      | Killed Crazy Yiuf
  4019 | D:4      | Reached skill level 7 in Stealth
  4209 | D:4      | Noticed Menkaure
  4338 | D:4      | Killed Menkaure
  4407 | D:4      | Reached skill level 8 in Stealth
  4407 | D:4      | Reached XP level 7. HP: 42/46 MP: 3/10
  4557 | D:4      | Noticed FooOfBar's ghost (average TeAE)
  4573 | D:4      | Killed FooOfBar's ghost
  4796 | D:5      | Entered Level 5 of the Dungeon
  4947 | D:5      | Reached skill level 9 in Stealth
  5285 | D:5      | Reached XP level 8. HP: 52/52 MP: 11/11
  6310 | D:6      | Reached skill level 5 in Hexes
  6864 | D:6      | Learned a level 3 spell: Tukima's Dance
  6980 | D:6      | Reached skill level 10 in Stealth
  7139 | D:7      | Reached XP level 9. HP: 57/57 MP: 12/12
  7445 | D:7      | Found a staircase to the Ecumenical Temple.
  7558 | D:7      | Found Tebaigo's Magic Scroll Boutique.
  7571 | D:7      | Bought a scroll of remove curse for 45 gold pieces
  7571 | D:7      | Bought a scroll of identify for 30 gold pieces
  7571 | D:7      | Bought a scroll of identify for 30 gold pieces
  7571 | D:7      | Bought a scroll of remove curse for 45 gold pieces
  7571 | D:7      | Bought a scroll of identify for 30 gold pieces
  7571 | D:7      | Bought a scroll of identify for 30 gold pieces
  7580 | D:7      | Reached skill level 5 in Short Blades
  7587 | D:7      | Found Yhadgha's Armour Shop.
  7792 | D:7      | Found Megablao's Gadget Shop.
  7811 | D:7      | Found an opulent altar of Gozag.
  8021 | D:7      | Found a snail-covered altar of Cheibriados.
  8323 | D:8      | Identified the +4 war axe "Udooship" {drain, rPois rN+++ MR- Str+2}
  8716 | D:8      | Reached XP level 10. HP: 55/63 MP: 0/13
  9619 | D:8      | Found a basalt altar of Yredelemnul.
  9650 | D:8      | Upgraded the game from 0.17-a0-1497-g03599f7 to 0.17-a0-1504-gb7d9117
 10971 | D:9      | Reached skill level 10 in Short Blades
 10975 | D:9      | Found a staircase to the Orcish Mines.
 12343 | D:9      | Noticed Grum
 12452 | D:9      | Killed Grum
 12471 | D:9      | Reached XP level 11. HP: 68/68 MP: 10/14
 12623 | D:9      | Found a glowing golden altar of the Shining One.
 12628 | D:9      | Noticed a manticore
 12644 | D:9      | Noticed a centaur warrior
 12651 | D:9      | Shot with an arrow by a centaur warrior

Vault maps used:
D:1:      dpeg_arrival_windows_large_door
D:2:      ashenzari_altar_1, uniq_jessica
D:3:      first_bread, nicolae_dithmenos_through_a_glass_darkly
D:4:      uniq_menkaure, uniq_crazy_yiuf_cottage
D:6:      minivault_1, due_unseen_surprise
D:7:      nicolae_overflow_hidden_temple, cheibrodos_worm_habitat,
          minmay_temple_entry_statues_pillars, serial_shops,
          kennysheep_mini_moat, shop, shop
D:8:      kennysheep_little_box
D:9:      lemuel_doored_altar, orc_0_dummy, hangedman_fish_farm, uniq_grum

Action                   |  1- 3 |  4- 6 |  7- 9 | 10-12 || total
-------------------------+-------+-------+-------+-------++-------
Melee: Dagger            |    75 |   163 |   217 |   224 ||   679
 Cast: Corona            |    14 |     1 |       |       ||    15
       Ensorcelled Hiber |     2 |    41 |    60 |    94 ||   197
       Confuse           |       |     3 |    21 |    23 ||    47
       Tukima's Dance    |       |       |       |     2 ||     2
Evoke: Wand              |       |       |       |     3 ||     3
  Use: Scroll            |       |     7 |     6 |     7 ||    20
       Potion            |       |     1 |       |     3 ||     4
 Stab: Sleeping          |     4 |    38 |    59 |    45 ||   146
       Confused          |       |     2 |    11 |     9 ||    22
       Distracted        |       |     1 |     2 |     3 ||     6
       Paralysed         |       |       |       |     1 ||     1
  Eat: Chunk             |     2 |    12 |    13 |    12 ||    39
       Bread ration      |       |       |     2 |     2 ||     4
       Fruit             |       |       |     1 |     1 ||     2
       Beef jerky        |       |       |     1 |       ||     1
